AoeStats
← matpochmara

Arabia

508730908Analyzed
1v1 RM · 10d ago on Sep 23, 2026· 82m 33s· 2 players
Game mode
Random Map
Map size
Tiny (2 player)
Population
200
Speed
Normal
Resources
Standard
Victory
Conquest
Starting age
Dark Age
Ending age
Imperial Age
RankedLock teamsTeams togetherTeam positionsShared explorationLock speedFull tech treeHidden civsTurbo modeCheats
Victory
Defeat
🇺🇸 Persians · United States
917
+26
🇵🇱 Ethiopians · Poland
940
-17
Serg27
4:38 Loom
9:22 Feudal Age
10:08 Double-Bit Axe
14:46 Horse Collar
19:37 Scale Barding Armor
22:57 Castle Age
21:36 Bloodlines
21:27 Gold Mining
22:50 Wheelbarrow
23:21 Forging
24:07 Husbandry
23:46 Elite Skirmisher
24:44 Padded Archer Armor
25:33 Thumb Ring
26:05 Bow Saw
27:12 Heavy Plow
29:10 Gold Shaft Mining
29:34 Fletching
30:00 Leather Archer Armor
30:47 Hand Cart
30:18 Town Watch
30:31 Bodkin Arrow
30:57 Chain Barding Armor
31:37 Stone Mining
34:22 Ballistics
36:47 Stone Shaft Mining
40:10 Iron Casting
45:40 Imperial Age
44:15 Town Patrol
44:17 Scale Mail Armor
46:14 Kamandaran
46:59 Crop Rotation
47:34 Two-Man Saw
45:58 Cavalier
46:00 Heavy Scorpion
47:47 Chemistry
46:46 Murder Holes
47:28 Plate Barding Armor
47:25 Ring Archer Armor
47:56 Blast Furnace
47:35 Plate Barding Armor
49:23 Heavy Scorpion
50:42 Savar
52:53 Crossbowman
53:17 Light Cavalry
58:59 Hussar
matpochmara
8:50 Loom
12:17 Feudal Age
17:35 Castle Age
15:34 Arson
16:35 Double-Bit Axe
17:08 Fletching
18:30 Crossbowman
19:47 Squires
19:52 Padded Archer Armor
20:41 Horse Collar
27:24 Gold Mining
29:40 Heavy Plow
30:04 Leather Archer Armor
30:12 Town Watch
31:35 Thumb Ring
33:53 Scale Mail Armor
33:49 Bodkin Arrow
34:05 Forging
34:57 Wheelbarrow
34:35 Bow Saw
35:11 Gold Shaft Mining
34:27 Stone Mining
39:52 Imperial Age
41:11 Conscription
41:03 Halberdier
41:04 Man-at-Arms
41:38 Arbalester
42:43 Long Swordsman
43:56 Ring Archer Armor
43:39 Onager
45:13 Hand Cart
45:41 Stone Shaft Mining
44:43 Elite Skirmisher
45:47 Two-Handed Swordsman
49:52 Torsion Engines
51:26 Ballistics
52:14 Chemistry
51:33 Chain Mail Armor
53:09 Plate Mail Armor
53:15 Iron Casting
54:38 Bracer
60:50 Siege Onager
78:37 Blast Furnace
Connection lost

Rejoining the realm…

Still unreachable

The connection could not be restored.

Session expired

The server has moved on; the page needs a fresh start.